 Dungeon Crawl Stone Soup version 0.16-a0-2970-ge3807df (webtiles) character file.

53 Johnny the Grave Robber (level 3, -1/28 HPs)
             Began as a Demigod Necromancer on Dec 5, 2014.
             Slain by a gnoll
             ... wielding a +0 spear
              (3 damage)
             ... on level 2 of the Dungeon.
             The game lasted 00:02:05 (1405 turns).

Johnny the Grave Robber (Demigod Necromancer)       Turns: 1405, Time: 00:02:05

Health: -1/28      AC:  8    Str: 11    XL:     3   Next: 42%
Magic:  0/8        EV: 13    Int: 19    God:
Gold:   49         SH:  0    Dex: 18    Spells: 1 memorised, 5 levels left

rFire  . . .     SeeInvis .     n - +1 dagger (protect)
rCold  . . .     Clarity  .     a - +0 robe
rNeg   . . .     SustAb   +     (no shield)
rPois  .         Gourm    .     (no helmet)
rElec  .         Spirit   .     (no cloak)
rCorr  .         Warding  .     g - +0 pair of gloves
rMut   .         Stasis   .     (no boots)
MR     .....                    (no amulet)
Stlth  ++........               (no ring)
                                (no ring)

@: not resistant to hostile enchantments, unstealthy
A: sustain abilities
a: no special abilities


You were on level 2 of the Dungeon.
You were not hungry.

You visited 1 branch of the dungeon, and saw 2 of its levels.

You collected 49 gold pieces.

Inventory:

Hand weapons
 n - a +1 dagger of protection (weapon)
Armour
 a - a +0 robe (worn)
 g - a +0 pair of gloves (worn)
Jewellery
 f - an uncursed amulet of stasis {unknown}
Scrolls
 d - 2 scrolls of random uselessness {unknown}
 e - a scroll of enchant armour {unknown}
 j - a scroll of identify {unknown}
 m - a scroll of remove curse {unknown}
Potions
 h - a potion of lignification {unknown}
 i - a potion of flight {unknown}
 k - a potion of might {unknown}
 l - 2 potions of heal wounds {unknown}
Books
 b - a book of Necromancy

   Spells                             Type                      Level
   a - Pain                           Necromancy                   1
   b - Animate Skeleton               Necromancy                   1
   c - Vampiric Draining              Necromancy                   3
   d - Regeneration                   Charms/Necromancy            3
   e - Animate Dead                   Necromancy                   4
   f - Control Undead                 Necromancy                   4


   Skills:
 * Level 1.1 Fighting
 + Level 0.1 Armour
 * Level 2.2 Dodging
 - Level 1.7 Stealth
 * Level 2.3 Spellcasting
 * Level 4.0 Necromancy


You had 5 spell levels left.
You knew the following spells:

 Your Spells              Type           Power        Failure   Level  Hunger
a - Pain                  Necr           ###.         3%          1    #......


Dungeon Overview and Level Annotations

Branches:
Dungeon (2/15)


Innate Abilities, Weirdness & Mutations

Your attributes are resistant to harm.


Message History

Aim: a gnoll, wielding a spear (almost dead)
The gnoll convulses in agony!
You kill the gnoll!
Your Necromancy skill increases to level 4!
The gnoll hits you from afar with a spear.
* * * LOW HITPOINT WARNING * * *
Casting: Pain
Confirm with . or Enter, or press ? or * to list all spells.
Aiming: Pain
Press: ? - help, Shift-Dir - straight line, f - gnoll
Aim: a gnoll, wielding a spear The gnoll convulses in agony!
The gnoll hits you but does no damage.
Casting: Pain
Confirm with . or Enter, or press ? or * to list all spells.
Aiming: Pain
Press: ? - help, Shift-Dir - straight line, f/p - gnoll
Aim: a gnoll, wielding a spear (heavily wounded)
The gnoll barely resists.
The gnoll hits you from afar with a spear.
You die...

##. ..........# #...
..........g# ##..#
#####...#.# ...##
##.##.# #..##.#
##g##.#
#..##.#####...#.#
#........)......#
#..####.###...###
#######..@)g.......##
#.........)........#
#.###.#####...######
#.# #.# #...# #.# #.#
#...# #.# #.# #..##
#.# #.# #..# #.# #..
...# #.# ### ###.#


You could see a gnoll.

Vanquished Creatures
  3 gnolls (D:2)
  5 bats (D:1)
  A giant cockroach (D:1)
  6 hobgoblins
  2 jackals (D:1)
  A ball python (D:2)
  A giant newt (D:1)
  2 goblins
  3 kobolds (D:1)
24 creatures vanquished.

Notes
Turn   | Place    | Note
--------------------------------------------------------------
     0 | D:1      | Johnny, the Demigod Necromancer, began the quest for the Orb.
     0 | D:1      | Reached XP level 1. HP: 14/14 MP: 3/3
   310 | D:1      | Reached XP level 2. HP: 5/20 MP: 1/5
  1322 | D:2      | Reached XP level 3. HP: 24/27 MP: 4/8
  1345 | D:2      | Reached skill level 1 in Fighting
  1403 | D:2      | Reached skill level 4 in Necromancy
  1405 | D:2      | Slain by a gnoll

Action                   || total
-------------------------++-------
Melee: Short sword       ||    26
       Dagger            ||    10
       Unarmed           ||     5
 Cast: Pain              ||    33
 Stab: Sleeping          ||     1
  Eat: Bread ration      ||     1
